NCAA
XAVIER MUSKETEERS @ OREGON DUCKS
04/24/2029
 
TOP OF THE 1ST
Xavier Musketeers batting - Pitching for Oregon Ducks : RHP Larry Messer
Pitching: RHP Larry Messer
Batting: RHB Dillon Farley 0-0: Ground out U3 (Groundball, 3)
Batting: RHB Edmund Kline 0-0: Fly out, F7 (Flyball, 7S)
Batting: LHB Bobby Ryan 0-0: Swinging Strike
0-1: Fly out, F8 (Flyball, 8LXD)
Top of the 1st over - 0 runs, 0 hits, 0 errors, 0 left on base; Xavier 0 - Oregon 0
BOTTOM OF THE 1ST
Oregon Ducks batting - Pitching for Xavier Musketeers : RHP Will Madden
Pitching: RHP Will Madden
Batting: RHB Scott Elliott 0-0: SOLO HOME RUN (Flyball, 78XD), Distance : 381 ft
Batting: RHB Jason Wheeler 0-0: SINGLE (Groundball, 5D)
Batting: RHB Diego Molina 0-0: Ball
1-0: Ball
2-0: Ball
3-0: Base on Balls
Jason Wheeler to second
Batting: RHB Greg Huggins 0-0: Ball
1-0: Foul Ball, location: 2F
1-1: Fly out, F3 (Popup, 3SF)
Batting: LHB Kay Hennessey 0-0: Called Strike
0-1: Ball
1-1: Swinging Strike
1-2: Fly out, F9 (Flyball, 9S)
Batting: RHB Tim Smith 0-0: SINGLE (Groundball, 34D)
Jason Wheeler to third
Diego Molina to second
Runner from 3rd tries for Home, throw and OUT!
Bottom of the 1st over - 1 run, 3 hits, 0 errors, 2 left on base; Xavier 0 - Oregon 1
TOP OF THE 2ND
Xavier Musketeers batting - Pitching for Oregon Ducks : RHP Larry Messer
Batting: SHB Orlando Lópes 0-0: Foul Ball, location: 2F
0-1: Called Strike
0-2: Foul Ball, location: 2F
0-2: Ball
1-2: Foul Ball, location: 2F
1-2: Ball
2-2: Fly out, F3 (Flyball, 3D)
Batting: RHB Floyd Reynolds 0-0: Called Strike
0-1: Foul Ball, location: 2F
0-2: Ball
1-2: Foul Ball, location: 2F
1-2: Strikes out swinging
Batting: RHB Curt Lloyd 0-0: SINGLE (Flyball, 7S)
Batting: LHB Duncan Sharp 0-0: Ground out 4-3 (Groundball, 4)
Top of the 2nd over - 0 runs, 1 hit, 0 errors, 1 left on base; Xavier 0 - Oregon 1
BOTTOM OF THE 2ND
Oregon Ducks batting - Pitching for Xavier Musketeers : RHP Will Madden
Batting: RHB Douglas Turry 0-0: Fly out, F8 (Flyball, 8RD)
Batting: RHB César Fuentes 0-0: Called Strike
0-1: Ball
1-1: Ball
2-1: Called Strike
2-2: Ground out 6-3 (Groundball, 6)
Batting: LHB Jerry López 0-0: DOUBLE (Line Drive, 89D)
Batting: RHB Scott Elliott 0-0: Ball
1-0: Called Strike
1-1: DOUBLE (Line Drive, 8RD)
Jerry López scores
Batting: RHB Jason Wheeler 0-0: Ball
1-0: Ground out 6-3 (Groundball, 6)
Bottom of the 2nd over - 1 run, 2 hits, 0 errors, 1 left on base; Xavier 0 - Oregon 2
TOP OF THE 3RD
Xavier Musketeers batting - Pitching for Oregon Ducks : RHP Larry Messer
Batting: RHB Albert Smedley 0-0: Ball
1-0: Fly out, F9 (Flyball, 89S)
Batting: LHB Johnny Beach 0-0: Ball
1-0: Ball
2-0: DOUBLE (Flyball, 8LD)
Batting: RHB Dillon Farley 0-0: Ball
1-0: Ball
2-0: Called Strike
2-1: Ball
3-1: Foul Ball, location: 2F
3-2: Base on Balls
Batting: RHB Edmund Kline 0-0: Ball
1-0: Ball
2-0: Ball
3-0: Called Strike
3-1: Base on Balls
Johnny Beach to third
Dillon Farley to second
Batting: LHB Bobby Ryan 0-0: Foul Ball, location: 2F
0-1: Ball
1-1: Grounds into fielders choice 1-2 (Groundball, P)
Dillon Farley to third
Edmund Kline to second
Batting: SHB Orlando Lópes 0-0: Called Strike
0-1: Called Strike
0-2: Ball
1-2: Ball
2-2: Ball
3-2: Strikes out swinging
Top of the 3rd over - 0 runs, 1 hit, 0 errors, 3 left on base; Xavier 0 - Oregon 2
BOTTOM OF THE 3RD
Oregon Ducks batting - Pitching for Xavier Musketeers : RHP Will Madden
Batting: RHB Diego Molina 0-0: SOLO HOME RUN (Flyball, 7LD), Distance : 340 ft
Batting: RHB Greg Huggins 0-0: Ball
1-0: Ball
2-0: Ball
3-0: Base on Balls
Batting: LHB Kay Hennessey 0-0: Ball
1-0: Ball
2-0: Called Strike
2-1: Fly out, F4 (Line Drive, 4)
Batting: RHB Tim Smith 0-0: Ball
1-0: Called Strike
1-1: Ball
2-1: Ball
3-1: Fly out, F3 (Popup, 34)
Batting: RHB Douglas Turry 0-0: Fly out, F8 (Flyball, 8LS)
Bottom of the 3rd over - 1 run, 1 hit, 0 errors, 1 left on base; Xavier 0 - Oregon 3
TOP OF THE 4TH
Xavier Musketeers batting - Pitching for Oregon Ducks : RHP Larry Messer
Batting: RHB Floyd Reynolds 0-0: Ball
1-0: Called Strike
1-1: Ball
2-1: SOLO HOME RUN (Flyball, 7LD), Distance : 327 ft
Batting: RHB Curt Lloyd 0-0: Ball
1-0: Called Strike
1-1: Ball
2-1: Ball
3-1: Base on Balls
Batting: LHB Duncan Sharp 0-0: Ball
1-0: Ball
2-0: Called Strike
2-1: Ball
3-1: Fly out, F8 (Flyball, 8LD)
Batting: RHB Albert Smedley 0-0: Foul Ball, location: 2F
0-1: Ball
1-1: Fly out, F8 (Line Drive, 89M)
Batting: LHB Johnny Beach 0-0: Foul Ball, location: 2F
0-1: Ball
1-1: Foul Ball, location: 2F
1-2: Strikes out swinging
Top of the 4th over - 1 run, 1 hit, 0 errors, 1 left on base; Xavier 1 - Oregon 3
BOTTOM OF THE 4TH
Oregon Ducks batting - Pitching for Xavier Musketeers : RHP Will Madden
Batting: RHB César Fuentes 0-0: SINGLE (Flyball, 9S)
Batting: LHB Jerry López 0-0: Called Strike
0-1: Ball
1-1: Ball
2-1: Swinging Strike
2-2: 2-RUN HOME RUN (Flyball, 8RXD), Distance : 406 ft
Batting: RHB Scott Elliott 0-0: Swinging Strike
0-1: Called Strike
0-2: Ball
1-2: Strikes out swinging
Batting: RHB Jason Wheeler 0-0: Foul Ball, location: 2F
0-1: Ground out 5-3 (Groundball, 56S)
Batting: RHB Diego Molina 0-0: Swinging Strike
0-1: Ball
1-1: Called Strike
1-2: Ball
2-2: Foul Ball, location: 2F
2-2: Ball
3-2: Base on Balls
Batting: RHB Greg Huggins 0-0: Ball
1-0: Foul Ball, location: 2F
1-1: Foul Ball, location: 2F
1-2: Ball
2-2: Ball
3-2: Foul Ball, location: 2F
3-2: DOUBLE (Flyball, 78D)
Diego Molina to third
Diego Molina scores
Batting: LHB Kay Hennessey 0-0: Called Strike
0-1: Ground out 5-3 (Groundball, 56)
Bottom of the 4th over - 3 runs, 3 hits, 0 errors, 1 left on base; Xavier 1 - Oregon 6
TOP OF THE 5TH
Xavier Musketeers batting - Pitching for Oregon Ducks : RHP Larry Messer
Batting: RHB Dillon Farley 0-0: Called Strike
0-1: Ground out 4-3 (Groundball, 4)
Batting: RHB Edmund Kline 0-0: Foul Ball, location: 2F
0-1: Foul Ball, location: 2F
0-2: Strikes out swinging
Batting: LHB Bobby Ryan 0-0: Ball
1-0: Fly out, F2 (Popup, 2L)
Top of the 5th over - 0 runs, 0 hits, 0 errors, 0 left on base; Xavier 1 - Oregon 6
BOTTOM OF THE 5TH
Oregon Ducks batting - Pitching for Xavier Musketeers : RHP Will Madden
Pitching: RHP David Munger
Batting: RHB Tim Smith 0-0: Ball
1-0: Fly out, F9 (Line Drive, 89D)
Batting: RHB Douglas Turry 0-0: Ground out 1-3 (Groundball, P)
Batting: RHB César Fuentes 0-0: Ball
1-0: Called Strike
1-1: Foul Ball, location: 2F
1-2: Ball
2-2: Foul Ball, location: 2F
2-2: Ball
3-2: Base on Balls
Batting: LHB Jerry López 0-0: Swinging Strike
0-1: Ball
1-1: Called Strike
1-2: Strikes out looking
Bottom of the 5th over - 0 runs, 0 hits, 0 errors, 1 left on base; Xavier 1 - Oregon 6
TOP OF THE 6TH
Xavier Musketeers batting - Pitching for Oregon Ducks : RHP Larry Messer
Batting: SHB Orlando Lópes 0-0: SINGLE (Groundball, 6D)
Pitching: LHP Leon Holliday
Batting: RHB Floyd Reynolds 0-0: Ball
1-0: Swinging Strike
1-1: Swinging Strike
1-2: Foul Ball, location: 2F
1-2: Ball
2-2: Ground out 4-3 (Groundball, 4M)
Orlando Lópes to second
Batting: RHB Curt Lloyd 0-0: Ball
1-0: Swinging Strike
1-1: Foul Ball, location: 2F
1-2: Ground out 5-3 (Groundball, 5S)
Orlando Lópes to third
Batting: LHB Duncan Sharp 0-0: Ball
1-0: Called Strike
1-1: Swinging Strike
1-2: Ball
2-2: Ground out U3 (Groundball, 3)
Top of the 6th over - 0 runs, 1 hit, 0 errors, 1 left on base; Xavier 1 - Oregon 6
BOTTOM OF THE 6TH
Oregon Ducks batting - Pitching for Xavier Musketeers : RHP Terry Gray
Pitching: RHP Terry Gray
Batting: RHB Scott Elliott 0-0: Foul Ball, location: 2F
0-1: Ball
1-1: Called Strike
1-2: Ball
2-2: Ball
3-2: Base on Balls
Batting: RHB Jason Wheeler 0-0: Ball
Scott Elliott is caught stealing 2nd base
1-0: Called Strike
1-1: Ground out 5-3 (Groundball, 56S)
Batting: RHB Diego Molina 0-0: Ball
1-0: Ball
2-0: Called Strike
2-1: SOLO HOME RUN (Flyball, 89XD), Distance : 362 ft
Batting: RHB Greg Huggins 0-0: Ball
1-0: Foul Ball, location: 2F
1-1: Foul Ball, location: 2F
1-2: Foul Ball, location: 2F
1-2: Fly out, F9 (Flyball, 9)
Bottom of the 6th over - 1 run, 1 hit, 0 errors, 0 left on base; Xavier 1 - Oregon 7
TOP OF THE 7TH
Xavier Musketeers batting - Pitching for Oregon Ducks : LHP Leon Holliday
Batting: RHB Albert Smedley 0-0: Ground out 5-3 (Groundball, 56S)
Batting: LHB Johnny Beach 0-0: Ball
1-0: Ball
2-0: Swinging Strike
2-1: Called Strike
2-2: Strikes out swinging
Batting: RHB Dillon Farley 0-0: Called Strike
0-1: SINGLE (Groundball, 56D)
Batting: RHB Edmund Kline 0-0: Ball
Dillon Farley steals 2nd base
1-0: Ball
2-0: Ground out 4-3 (Groundball, 4)
Top of the 7th over - 0 runs, 1 hit, 0 errors, 1 left on base; Xavier 1 - Oregon 7
BOTTOM OF THE 7TH
Oregon Ducks batting - Pitching for Xavier Musketeers : RHP Terry Gray
Batting: LHB Kay Hennessey 0-0: Fly out, F9 (Flyball, 9)
Batting: RHB Tim Smith 0-0: Ball
1-0: Ball
2-0: Fly out, F4 (Flyball, 34D)
Batting: RHB Douglas Turry 0-0: Ball
1-0: Swinging Strike
1-1: Called Strike
1-2: Foul Ball, location: 2F
1-2: Foul Ball, location: 2F
1-2: Foul Ball, location: 2F
1-2: Ball
2-2: Strikes out swinging
Bottom of the 7th over - 0 runs, 0 hits, 0 errors, 0 left on base; Xavier 1 - Oregon 7
TOP OF THE 8TH
Xavier Musketeers batting - Pitching for Oregon Ducks : LHP Leon Holliday
Batting: LHB Bobby Ryan 0-0: Ball
1-0: Called Strike
1-1: Fly out, F8 (Line Drive, 8LM)
Batting: SHB Orlando Lópes 0-0: Ball
1-0: Swinging Strike
1-1: Ball
2-1: Called Strike
2-2: Foul Ball, location: 2F
2-2: Ball
3-2: Foul Ball, location: 2F
3-2: Strikes out swinging
Batting: RHB Floyd Reynolds 0-0: Swinging Strike
0-1: Ball
1-1: Ball
2-1: Foul Ball, location: 2F
2-2: Foul Ball, location: 2F
2-2: Strikes out looking
Top of the 8th over - 0 runs, 0 hits, 0 errors, 0 left on base; Xavier 1 - Oregon 7
BOTTOM OF THE 8TH
Oregon Ducks batting - Pitching for Xavier Musketeers : RHP Terry Gray
Batting: RHB César Fuentes 0-0: Called Strike
0-1: Ball
1-1: Ball
2-1: Foul Ball, location: 2F
2-2: Foul Ball, location: 2F
2-2: Foul Ball, location: 2F
2-2: Strikes out swinging
Batting: LHB Jerry López 0-0: Ball
1-0: Called Strike
1-1: Ball
2-1: Foul Ball, location: 2F
2-2: Foul Ball, location: 2F
2-2: Ball
3-2: Base on Balls
Batting: RHB Scott Elliott 0-0: SINGLE (Groundball, 34) (infield hit)
Jerry López to second
Batting: RHB Jason Wheeler 0-0: Called Strike
0-1: Foul Ball, location: 2F
0-2: Foul Ball, location: 2F
0-2: Foul Ball, location: 2F
0-2: Strikes out looking
Batting: RHB Diego Molina 0-0: Ball
1-0: Ball
2-0: Called Strike
2-1: Foul Ball, location: 2F
2-2: Foul Ball, location: 2F
2-2: Ball
3-2: Base on Balls
Jerry López to third
Scott Elliott to second
Batting: RHB Greg Huggins 0-0: Ball
1-0: Called Strike
1-1: Swinging Strike
1-2: Foul Ball, location: 2F
1-2: Ball
2-2: Strikes out swinging
Bottom of the 8th over - 0 runs, 1 hit, 0 errors, 3 left on base; Xavier 1 - Oregon 7
TOP OF THE 9TH
Xavier Musketeers batting - Pitching for Oregon Ducks : LHP Leon Holliday
Batting: RHB Curt Lloyd 0-0: Ball
1-0: Ball
2-0: Ball
3-0: Base on Balls
Batting: LHB Duncan Sharp 0-0: Called Strike
0-1: Ball
1-1: SINGLE (Groundball, 4MD)
Curt Lloyd to second
Batting: RHB Albert Smedley 0-0: Foul Ball, location: 2F
0-1: Ball
1-1: Foul Ball, location: 2F
1-2: Ball
2-2: Strikes out swinging
Batting: LHB Johnny Beach 0-0: Ball
1-0: Called Strike
1-1: Foul Ball, location: 2F
1-2: Strikes out swinging
Batting: RHB Dillon Farley 0-0: Ground out U3 (Groundball, 34)
Top of the 9th over - 0 runs, 1 hit, 0 errors, 2 left on base; Xavier 1 - Oregon 7
Saturday, December 16th, 2017 - OOTP Baseball 18.8 Build 76